 Dungeon Crawl Stone Soup version 0.29-a0-998-g1987434951 (webtiles) character file.

Game seed: 14293921073280580158

226 BritishOli the Trooper (level 5, -3/42 HPs)
             Began as a Demonspawn Fighter on Aug 5, 2022.
             Was an Initiate of Okawaru.
             Killed by divine providence
             ... invoked by an orc priest
              (15 damage)
             ... on level 4 of the Dungeon.
             The game lasted 00:06:18 (4440 turns).

BritishOli the Trooper (Demonspawn Fighter)         Turns: 4440, Time: 00:06:19

Health: -3/42      AC: 10    Str: 19    XL:     5   Next: 69%
Magic:  5/5        EV:  9    Int:  9    God:    Okawaru [......]
Gold:   114        SH:  4    Dex: 12    Spells: 4/4 levels left

rFire   . . .      SeeInvis .   a - +0 long sword
rCold   . . .      Faith    .   c - +0 buckler
rNeg    . . .      Spirit   .   b - +0 scale mail
rPois   .          Reflect  .   (no helmet)
rElec   .          Harm     .   (no cloak)
rCorr   .          Rampage  .   (no gloves)
Will    .....                   w - +2 pair of boots
Stlth   ..........              r - amulet of magic regeneration
HPRegen 0.14/turn               (no ring)
MPRegen 0.49/turn               (no ring)

@: no status effects
A: claws 2, powered by death 1
a: Renounce Religion


You were on level 4 of the Dungeon.
You worshipped Okawaru.
Okawaru was noncommittal.
You visited 2 branches of the dungeon, and saw 5 of its levels.

You collected 114 gold pieces.

Inventory:

Hand Weapons
 a - a +0 long sword (weapon)
Armour
 b - a +0 scale mail (worn)
 c - a +0 buckler (worn)
 w - a +2 pair of boots (worn)
Jewellery
 r - an amulet of magic regeneration (around neck)
 v - a ring of ice
Scrolls
 f - a scroll of silence {unknown}
 g - 3 scrolls of teleportation {unknown}
 h - 6 scrolls of identify {unknown}
 i - 2 scrolls of amnesia {unknown}
 j - 3 scrolls of blinking {unknown}
 l - 2 scrolls of vulnerability {unknown}
 s - a scroll of immolation {unknown}
 t - a scroll of torment {unknown}
 u - a scroll of fear {unknown}
Potions
 d - a potion of might
 e - a potion of curing
 k - a potion of flight {unknown}
 n - a potion of heal wounds
 o - 2 potions of degeneration {unknown}
 p - a potion of mutation {unknown}
 q - a potion of ambrosia {unknown}


   Skills:
 + Level 4.1 Fighting
 + Level 3.0 Long Blades
 + Level 3.7 Armour
 + Level 3.8 Shields


You had 4 spell levels left.
You didn't know any spells.
Your spell library contained the following spells:

 Spells                   Type           Power      Damage    Failure   Level
 Sting                    Tmut/Pois      0%         1d3       83%         1
 Poisonous Vapours        Pois/Air       0%         N/A       93%         2
 Ignite Poison            Fire/Tmut/Pois 0%         N/A       99%         3
 Mephitic Cloud           Conj/Pois/Air  0%         N/A       99%         3
 Olgreb's Toxic Radiance  Pois           0%         N/A       100%        4
 Freezing Cloud           Conj/Ice/Air   0%         6-21      100%        5


Dungeon Overview and Level Annotations

Branches:
Dungeon (4/15)             Temple (1/1) D:4

Altars:
Ashenzari
Cheibriados
Dithmenos
Fedhas
Gozag
Hepliaklqana
Makhleb
Nemelex Xobeh
Okawaru
Sif Muna
Trog
Vehumet
Wu Jian
Yredelemnul


Innate Abilities, Weirdness & Mutations

You have very sharp fingernails.
You regenerate a little health from kills.


Message History

You are too injured to fight recklessly!
You are too injured to fight recklessly!
You are too injured to fight recklessly!
You miss the adder.
The adder is moderately wounded.
The adder bites you but does no damage. The adder barely misses you.
You closely miss the adder.
The adder is moderately wounded.
You block the adder's attack.
You barely miss the adder.
The adder is moderately wounded.
The adder bites you but does no damage. x2
You hit the adder.
The adder is moderately wounded.
The adder barely misses you.
The orc priest invokes the aid of Beogh against you.
Beogh smites you!
* * * LOW HITPOINT WARNING * * *
You block the adder's attack.
You feel much better. The adder bites you.
You are poisoned.
The adder poisons you! The adder attacks as you move away!
The adder bites you but does no damage.
You feel sick.
The orc priest mumbles some strange prayers to Beogh against you.
Beogh smites you!
* * * LOW HITPOINT WARNING * * *
You feel sick. The adder bites you.
* * * LOW HITPOINT WARNING * * *
You are lethally poisoned!
The adder poisons you!
It was a potion of curing.
You feel better. The adder bites you.
* * * LOW HITPOINT WARNING * * *
The adder attacks as you move away! The adder barely misses you.
The adder bites you but does no damage. The adder attacks as you move away!
The adder bites you but does no damage. The adder bites you but does no damage.
The orc priest mumbles some strange prayers to Beogh against you.
Beogh smites you!
You die...

#####
#...#....##..#
....#
#..#....#..#.#
###.#
#..#..#.#....# #
#.#
#...##...#..## #
#.# #..........##
#.# #......#####
#.# #......# #.##
#......########
#..#
#.......@S{.o.#
##.#
##.####.#####.#
#.# #.#~~#.#
#...# #.#
#.#~.#.# #.###
#.# #.#~.#.# #o#
####)# #.####.#
#)#
~#...#####.#.#..#
#.#
~#.........†...##
#.#
~#...###########
#?#


You could see an orc priest and an adder.

Vanquished Creatures
  A hound (D:4)
  6 adders
  3 gnolls (D:3)
  A dart slug (D:1)
  2 worms
  5 orcs
  11 ball pythons
  6 bats
  3 endoplasms
  7 giant cockroaches
  8 goblins
  11 hobgoblins
  5 jackals
  4 quokkas
  8 frilled lizards
  11 kobolds
  8 rats
100 creatures vanquished.

Vanquished Creatures (others)
  14 fungi (D:4)
14 creatures vanquished.

Grand Total: 114 creatures vanquished

Notes
Turn   | Place    | Note
-------+----------+-------------------------------------------
     0 | D:1      | BritishOli the Demonspawn Fighter began the quest for the
                  | Orb.
     0 | D:1      | Reached XP level 1. HP: 18/18 MP: 1/1
   373 | D:1      | Gained mutation: You have sharp fingernails. [demonic
                  | ancestry]
   373 | D:1      | Reached XP level 2. HP: 20/24 MP: 2/2
  1110 | D:1      | Reached XP level 3. HP: 29/29 MP: 3/3
  1462 | D:1      | Found a faded altar of an unknown god.
  2312 | D:2      | Gained mutation: You regenerate a little health from kills.
                  | [demonic ancestry]
  2312 | D:2      | Reached XP level 4. HP: 33/35 MP: 4/4
  3527 | D:3      | Gained mutation: You have very sharp fingernails. [demonic
                  | ancestry]
  3527 | D:3      | Reached XP level 5. HP: 21/42 MP: 5/5
  3909 | D:4      | Reached skill level 4 in Fighting
  4195 | D:4      | Found a staircase to the Ecumenical Temple.
  4223 | Temple   | Entered the Ecumenical Temple
  4328 | Temple   | Became a worshipper of Warmaster Okawaru
  4440 | D:4      | Killed from afar by an orc priest

Illustrated notes

Levels and vault maps discovered:
D:1:      reono_arrival_mine, layout_basic, basic_ecumenical_altar,
          chequers_decorated_corner, nicolae_kite_square_tiling_tiny,
          minmay_3d_cube
D:2:      layout_loops_ring
D:3:      minmay_bubble_buster, layout_rooms
D:4:      cheibrodos_thug_alley, layout_loops_ring,
          nicolae_qazlal_eye_of_the_storm, minmay_temple_entry_mini_moons,
          serial_aquarium, aquarium_bridge_island_small
          [aquarium_subvault_small_open, aquarium_subvault_bridge,
          aquarium_subvault_bridge, aquarium_subvault_wall,
          aquarium_subvault_bridge], aquarium_bridge_square
          [aquarium_subvault_wall, aquarium_subvault_window,
          aquarium_subvault_bridge, aquarium_subvault_bridge],
          aquarium_window_1, aquarium_window_corridor_1, aquarium_window_fake,
          aquarium_view_2b, aquarium_view_2b
Temple:   eino_wide_crystal_templ

Skill      XL: |  1  2  3  4  5 |
---------------+----------------+-----
Long Blades    | 2 3 |  3.0
Armour         | 3 |  3.7
Shields        | 3 |  3.8
Fighting       | 4 |  4.1

Action                   |  1- 3 |  4- 6 || total
-------------------------+-------+-------++-------
Melee: Long sword        |   170 |   245 ||   415
  Use: Potion            |       |     3 ||     3
Armor: Scale mail        |    98 |   150 ||   248
Dodge: Dodged            |    84 |   150 ||   234
Block: Buckler           |    34 |    74 ||   108

Table legend: (Time is in decaauts)
 A = Elapsed time spent in this place.
 B = Non-inter-level travel time spent in this place.
 C = Inter-level travel time spent in this place.
 D = Time resting spent in this place.
 E = Time spent auto-exploring this place.
 F = Levels seen in this place.
 G = Mean time per level.
                   A        B        C        D        E       F      G
               +--------+--------+--------+--------+--------+-----+--------+
         Total |   4571 |   4503 |     68 |    647 |   2971 |   5 |  914.2 |
       Dungeon |   4430 |   4370 |     60 |    647 |   2854 |   4 | 1107.5 |
        Temple |    141 |    133 |      8 |      0 |    117 |   1 |  141.0 |
               +--------+--------+--------+--------+--------+-----+--------+

Top non-repeatable levels by time:
     D:1: 1823 daAuts
     D:3: 1121 daAuts
     D:2: 1043 daAuts
     D:4: 441 daAuts
  Temple: 141 daAuts
